 Dungeon Crawl Stone Soup version 0.19.1 (webtiles) character file.

6015 dvd the Thaumaturge (level 10, -5/54 HPs)
             Began as a Deep Elf Fire Elementalist on Nov 24, 2016.
             Was a Priest of Ashenzari.
             Slain by a seven-headed hydra (16 damage)
             ... on level 1 of the Lair of Beasts.
             The game lasted 00:37:02 (11393 turns).

dvd the Thaumaturge (Deep Elf Fire Elementalist)   Turns: 11393, Time: 00:37:03

Health: -5/54      AC:  9    Str:  5    XL:     10   Next: 56%
Magic:  1/26       EV: 15    Int: 27    God:    Ashenzari [***...]
Gold:   583        SH:  0    Dex: 15    Spells: 4 memorised, 18 levels left

rFire  . . .     SeeInvis +     f - +5 quarterstaff (chaos) (curse)
rCold  . . .     Gourm    .     j - +0 robe {MR+}
rNeg   . . .     Faith    .     (shield currently unavailable)
rPois  +         Spirit   .     t - +2 helmet {Int+3} (curse)
rElec  .         Reflect  .     k - +0 cloak
rCorr  .         Harm     .     n - +0 pair of gloves
MR     +++..                    l - +1 pair of boots
Stlth  +++.......               (no amulet)
                                h - ring of poison resistance (curse)
                                F - ring of protection from magic (curse)

@: no status effects
A: no striking features
a: Curse Item, Scrying, Renounce Religion


You were on level 1 of the Lair of Beasts.
You worshipped Ashenzari.
Ashenzari was most pleased with you.
You were not hungry.

You visited 2 branches of the dungeon, and saw 10 of its levels.

You collected 583 gold pieces.

Inventory:

Hand Weapons
 f - a cursed +5 quarterstaff of chaos (weapon)
 p - a +2 vampiric dagger
 s - a +1 quarterstaff of pain
 y - a +1 short sword of holy wrath
 E - a +2 falchion of slicing
Armour
 j - a +0 robe of magic resistance (worn)
 k - a +0 cloak (worn)
 l - a +1 pair of boots (worn)
 n - a +0 pair of gloves (worn)
 t - a cursed +2 helmet of intelligence (worn)
Jewellery
 e - an uncursed ring of flight
 h - a cursed ring of poison resistance (right hand)
 o - an uncursed ring of wizardry
 w - an uncursed ring of ice
 F - a cursed ring of protection from magic (left hand)
Wands
 x - a wand of acid (9/15)
 B - a wand of flame (24/48)
 G - a wand of confusion (21/48)
Scrolls
 g - 4 scrolls of teleportation
 r - a scroll of fear
 u - 8 scrolls of identify
 C - 2 scrolls of amnesia
 J - a scroll of remove curse
Potions
 d - 3 potions of heal wounds
 i - 2 potions of might
 m - a potion of magic
 A - a potion of agility
 H - a potion of curing
Books
 b - a book of Flames

   Spells                             Type                      Level
   a - Flame Tongue                   Conjuration/Fire             1
   b - Throw Flame                    Conjuration/Fire             2
   c - Conjure Flame                  Conjuration/Fire             3
   d - Inner Flame                    Hexes/Fire                   3
   e - Sticky Flame                   Conjuration/Fire             4
   f - Fireball                       Conjuration/Fire             5
Comestibles
 a - 9 meat rations
 c - 8 bread rations
 q - 4 beef jerkies
 v - a slice of pizza
 z - 3 chunks of flesh
 D - a royal jelly


   Skills:
 + Level 2.7 Fighting
 + Level 5.5(9.3) Staves
 + Level 4.7 Dodging
 + Level 5.9 Stealth
 + Level 10.6 Spellcasting
 + Level 8.3(10.2) Conjurations
 + Level 9.3(11.1) Fire Magic


You had 18 spell levels left.
You knew the following spells:

 Your Spells              Type           Power        Failure   Level  Hunger
a - Flame Tongue          Conj/Fire      #####        1%          1    None
b - Throw Flame           Conj/Fire      ######       1%          2    None
c - Sticky Flame          Conj/Fire      ######..     1%          4    None
d - Fireball              Conj/Fire      ######....   1%          5    ###....


Dungeon Overview and Level Annotations

Branches:
Dungeon (9/15)             Temple (0/1) D:4            Lair (1/6) D:9
    Orc: D:9-12

Altars:
Ashenzari
Cheibriados
Elyvilon
Gozag
Makhleb
Nemelex Xobeh
Trog
Uskayaw
Vehumet
Yredelemnul
Zin


Message History

Press: ? - help, Shift-Dir - straight line, f/p - seven-headed hydra
Aim: a seven-headed hydra (moderately wounded)
The fireball explodes!
The fireball engulfs the seven-headed hydra.
The seven-headed hydra is severely wounded.
Unknown command.
Casting: Fireball
Confirm with . or Enter, or press ? or * to list all spells.
Aiming: Sticky Flame
Press: ? - help, Shift-Dir - straight line, f/p - seven-headed hydra
Aim: a seven-headed hydra (severely wounded)
The sticky flame hits the seven-headed hydra.
The seven-headed hydra is severely wounded.
The seven-headed hydra is covered in liquid flames!
The seven-headed hydra burns!
The seven-headed hydra bites you!!
The seven-headed hydra barely misses you.
The seven-headed hydra bites you! x2
* * * LOW HITPOINT WARNING * * *
The seven-headed hydra bites you!
You die...

..........###..# *.## *
..........§.#§## #.P#
..[......##§#§§###..#####
,
........###§§§§......)...
, , ,
......#.P.#§##§#....### ,
P....#......####.######P
#..#.####.##.#P..P##....
, ..#..# #.#.....P.......
>, .....# #
#.##P.@.#.#..* (.#..#
#......D.#.. ** #.##.# *
...........#.#
#......,....##......#..#*
......#*#.P.*##....#...#
* ...#### #..,* ##.......
, ..## *#., #####...#
..... , #### , ..... , *
*


You could see a seven-headed hydra (burning).

Vanquished Creatures
  2 komodo dragons (Lair:1)
  A troll (D:9)
  A hornet (D:9)
  3 hippogriffs (D:7)
  A spriggan (D:8)
  2 water moccasins
  A porcupine (Lair:1)
  An orc warrior (D:6)
  A phantom (D:6)
  2 ice beasts
  2 sky beasts
  4 centaurs
  5 ogres
  A crocodile (D:9)
  2 big kobolds
  A gnoll sergeant (D:8)
  2 bullfrogs
  A wyvern skeleton (D:8)
  5 killer bees (D:9)
  8 wights
  2 howler monkeys
  3 electric eels (D:9)
  3 crimson imps
  13 hounds
  A centaur skeleton (D:4)
  4 orc priests
  Crazy Yiuf (D:2)
  A bullfrog skeleton (D:7)
  3 jellies
  3 orc wizards
  2 iguanas
  Jessica (D:3)
  Natasha (thrice) (D:2)
  6 worker ants
  A killer bee zombie (D:7)
  2 hound zombies
  A hound skeleton (D:4)
  A worker ant zombie (D:6)
  Robin (D:2)
  6 gnolls
  15 adders
  3 shadow imps
  An ooze (D:1)
  An adder zombie (D:3)
  3 worms
  2 dart slugs (D:3)
  6 leopard geckos
  29 orcs
  3 giant cockroaches
  15 goblins
  11 hobgoblins
  9 jackals
  6 quokkas
  A ball python (D:3)
  8 bats
  9 frilled lizards
  A jackal zombie (D:5)
  20 kobolds
  6 rats
253 creatures vanquished.

Notes
Turn   | Place    | Note
-------+----------+-------------------------------------------
     0 | D:1      | dvd the Deep Elf Fire Elementalist began the quest for the Orb.
     0 | D:1      | Reached XP level 1. HP: 10/10 MP: 6/6
   146 | D:1      | Reached XP level 2. HP: 6/15 MP: 0/8
   222 | D:1      | Learned a level 2 spell: Throw Flame
   645 | D:1      | Reached XP level 3. HP: 14/19 MP: 0/9
  1145 | D:2      | Noticed Robin
  1338 | D:2      | Reached XP level 4. HP: 20/24 MP: 9/11
  1362 | D:2      | Killed Robin
  1362 | D:2      | Reached skill level 4 in Spellcasting
  1531 | D:2      | Learned a level 4 spell: Sticky Flame
  1804 | D:2      | Noticed Natasha
  1810 | D:2      | Killed Natasha
  1810 | D:2      | Reached XP level 5. HP: 28/28 MP: 4/13
  1814 | D:2      | Found a shattered altar of Ashenzari.
  1869 | D:2      | Became a worshipper of Ashenzari the Shackled
  1938 | D:2      | Found a runed door.
  1942 | D:2      | Noticed Crazy Yiuf
  1948 | D:2      | Killed Crazy Yiuf
  1948 | D:2      | Reached skill level 5 in Fire Magic
  2085 | D:2      | Found a sparkling altar of Nemelex Xobeh.
  2204 | D:2      | Noticed Natasha
  2210 | D:2      | Killed Natasha
  2362 | D:2      | Noticed Natasha
  2368 | D:2      | Killed Natasha
  2378 | D:2      | Learned a level 5 spell: Fireball
  2387 | D:2      | Found a glowing silver altar of Zin.
  2388 | D:2      | Found an opulent altar of Gozag.
  2466 | D:3      | Reached skill level 5 in Spellcasting
  2522 | D:3      | Found a snail-covered altar of Cheibriados.
  2689 | D:3      | Reached XP level 6. HP: 32/32 MP: 6/15
  3025 | D:3      | Noticed Jessica
  3028 | D:3      | Killed Jessica
  3602 | D:4      | Found a staircase to the Ecumenical Temple.
  3865 | D:4      | Reached skill level 1 in Staves
  3901 | D:4      | Reached * piety under Ashenzari
  4027 | D:4      | Reached XP level 7. HP: 37/37 MP: 8/17
  4408 | D:4      | Reached skill level 6 in Spellcasting
  4840 | D:5      | Entered Level 5 of the Dungeon
  4873 | D:5      | Reached skill level 1 in Fighting
  4918 | D:5      | Found a radiant altar of Vehumet.
  5263 | D:5      | Gained mutation: Your spells are a little harder to cast, but a little more powerful. [potion of mutation]
  5263 | D:5      | Lost mutation: Your spells are a little harder to cast, but a little more powerful. [potion of mutation]
  5263 | D:5      | Gained mutation: You have sharp toenails. [potion of mutation]
  5268 | D:5      | Lost mutation: You have sharp toenails. [potion of cure mutation]
  5495 | D:5      | Reached XP level 8. HP: 43/43 MP: 13/19
  6136 | D:6      | Found a bloodstained altar of Trog.
  6144 | D:6      | Reached skill level 5 in Conjurations
  6276 | D:6      | Noticed a hand axe
  6277 | D:6      | Noticed a dagger
  6279 | D:6      | Found a hide-covered altar of Uskayaw.
  6334 | D:6      | Reached ** piety under Ashenzari
  6503 | D:6      | Reached skill level 7 in Spellcasting
  6851 | D:6      | Reached skill level 5 in Stealth
  6925 | D:6      | Found a burning altar of Makhleb.
  7267 | D:7      | Noticed a hippogriff
  7272 | D:7      | Killed a hippogriff
  7272 | D:7      | Reached skill level 8 in Spellcasting
  7272 | D:7      | Reached XP level 9. HP: 48/48 MP: 4/23
  7982 | D:7      | Reached skill level 9 in Spellcasting
  9566 | D:8      | Reached skill level 5 in Staves
  9566 | D:8      | Reached XP level 10. HP: 44/54 MP: 19/25
 10023 | D:9      | Found a staircase to the Lair.
 10082 | D:9      | Reached skill level 10 in Spellcasting
 10411 | D:9      | Reached *** piety under Ashenzari
 10434 | D:9      | Found a snail-covered altar of Cheibriados.
 10574 | D:9      | Found a white marble altar of Elyvilon.
 10640 | D:9      | Found a basalt altar of Yredelemnul.
 10864 | Lair:1   | Entered Level 1 of the Lair of Beasts
 11389 | Lair:1   | Noticed a seven-headed hydra
 11393 | Lair:1   | Slain by a seven-headed hydra

Skill      XL: |  1  2  3  4  5  6  7  8  9 10 |
---------------+-------------------------------+-----
Fire Magic     | 4 5 6 7 8 9 |  9.3
Spellcasting   | 4 5 6 8 9 10 | 10.6
Conjurations   | 2 3 4 6 7 8 |  8.3
Stealth        | 3 4 5 |  5.9
Staves         | 1 2 3 5 |  5.5
Fighting       | 1 2 |  2.7
Dodging        | 3 4 |  4.7

Action                   |  1- 3 |  4- 6 |  7- 9 | 10-12 || total
-------------------------+-------+-------+-------+-------++-------
Melee: Short sword       |     2 |       |       |       ||     2
       Whip              |     2 |     3 |       |       ||     5
       Quarterstaff      |       |    22 |   125 |    28 ||   175
       Dagger            |       |     3 |       |       ||     3
 Cast: Flame Tongue      |    49 |    50 |    29 |     7 ||   135
       Throw Flame       |    11 |    62 |    74 |    30 ||   177
       Sticky Flame      |       |     2 |    35 |     8 ||    45
       Fireball          |       |     1 |    21 |    11 ||    33
Invok: Curse Item        |       |       |     1 |     2 ||     3
  Use: Scroll            |     4 |     1 |     7 |     2 ||    14
       Potion            |       |       |     7 |     1 ||     8
 Stab: Paralysed         |       |     1 |       |       ||     1
       Sleeping          |       |       |     5 |       ||     5
       Confused          |       |       |     1 |       ||     1
  Eat: Chunk             |     1 |     9 |    21 |     8 ||    39
       Meat ration       |       |     1 |       |       ||     1
       Pizza             |       |       |     1 |       ||     1
Armor: Robe              |    16 |    15 |    41 |    12 ||    84
Dodge: Dodged            |    24 |    29 |   119 |    22 ||   194
